 Dungeon Crawl Stone Soup version 0.26.0-5-gb5863c6483 (webtiles) character file.

Game seed: 1984323792965195120

4019 Fulmax the Fighter (level 10, 0/93 HPs)
             Began as a Minotaur Berserker on Jan 10, 2021.
             Was a High Priest of Trog.
             Splashed by a jelly's acid (8 damage)
             ... on level 8 of the Dungeon.
             The game lasted 00:21:43 (6009 turns).

Fulmax the Fighter (Minotaur Berserker)             Turns: 6009, Time: 00:21:45

Health: 0/93       AC: -5    Str: 21    XL:     10   Next: 3%
Magic:  9/9        EV:  6    Int:  7    God:    Trog [*****.]
Gold:   706        SH: 16    Dex: 17    Spells: 9/9 levels left

rFire    . . .     SeeInvis .   B - +3 hand axe (freeze)
rCold    + . .     Faith    .   a - +0 kite shield
rNeg     . . .     Spirit   .   K - +0 plate armour
rPois    .         Reflect  +   d - +2 hat
rElec    .         Harm     .   (no cloak)
rCorr    .         Rampage  .   (no gloves)
Will     .....                  J - +2 pair of boots
Stlth    ..........             t - amulet of reflection
HPRegen  0.25/turn              f - +6 ring of dexterity
MPRegen  0.11/turn              q - ring of protection from cold

@: corroded
A: retaliatory headbutt, horns 2
a: Renounce Religion, Berserk, Trog's Hand, Brothers in Arms


You were on level 8 of the Dungeon.
You worshipped Trog.
Trog was extremely pleased with you.
You visited 2 branches of the dungeon, and saw 9 of its levels.
You also visited: Ossuary and Bailey.

You collected 706 gold pieces.

Inventory:

Hand Weapons
 B - a +3 hand axe of freezing (weapon)
Missiles
 L - 6 boomerangs
Armour
 a - a +0 kite shield (worn)
 d - a +2 hat (worn)
 m - a +1 leather armour of fire resistance
 p - the +0 ring mail of the First Snow {-Tele rElec rC+}
   (You found it on level 4 of the Dungeon)

   It protects you from cold.
   It insulates you from electricity.
   It prevents most forms of teleportation.
 J - a +2 pair of boots (worn)
 K - a +0 plate armour (worn)
Jewellery
 f - a +6 ring of dexterity (left hand)
 h - an uncursed ring of magical power
 q - a ring of protection from cold (right hand)
 t - an amulet of reflection (around neck)
 w - an uncursed amulet of guardian spirit
 H - an uncursed ring of fire
Wands
 y - a wand of flame (46)
 C - a wand of paralysis (11)
Scrolls
 b - 2 scrolls of enchant weapon
 e - a scroll of identify
 j - 2 scrolls of teleportation
 n - 3 scrolls of remove curse
 o - 3 scrolls of blinking
 x - 2 scrolls of enchant armour
 A - 2 scrolls of fear
 F - a scroll of fog
Potions
 c - 3 potions of resistance
 g - 5 potions of curing
 i - 4 potions of berserk rage
 k - a potion of haste
 l - a potion of mutation
 s - a potion of magic {unknown}
 u - 2 potions of attraction {unknown}
 v - 4 potions of lignification {unknown}
 z - 2 potions of brilliance {unknown}
 D - 3 potions of might {unknown}
 G - 2 potions of invisibility
 P - 3 potions of heal wounds {unknown}
Miscellaneous
 M - a condenser vane
 N - a phial of floods


   Skills:
 + Level 9.9 Fighting
 + Level 9.9 Axes
 - Level 8.0 Armour
 - Level 2.1 Dodging
 + Level 7.1 Shields
 + Level 3.2 Evocations


You had 9 spell levels left.
You didn't know any spells.
Your spell library was empty.

Dungeon Overview and Level Annotations

Branches:
Dungeon (8/15)             Temple (1/1) D:5         Ossuary (visited)
 Bailey (visited)
   Lair: D:8-11

Altars:
Ashenzari
Cheibriados
Dithmenos
Elyvilon
Fedhas
Gozag
Hepliaklqana
Kikubaaqudgha
Makhleb
Nemelex Xobeh
Qazlal
Ru
Trog
Uskayaw
Vehumet
Wu Jian
Xom
Yredelemnul
Zin
The Shining One

Shops:
D:5 [


Innate Abilities, Weirdness & Mutations

You reflexively headbutt those who attack you in melee.
You have a pair of horns on your head.


Message History

You hit the wyvern zombie. The wyvern zombie bites you.
The jelly jiggles.
You block the jelly's attack.
You are too injured to fight recklessly!
You are too injured to fight recklessly!
You are too injured to fight recklessly!
You hit the wyvern zombie.
You headbutt the wyvern zombie, but do no damage.
The wyvern zombie is moderately damaged.
You hit the jelly but do no damage. The acid corrodes you!
Your hands burn!
You block the wyvern zombie's attack. The jelly hits you.
The acid corrodes you!
You are splashed with acid!
The wyvern zombie bites you!
* * * LOW HITPOINT WARNING * * *
You hit the jelly but do no damage. The acid corrodes you!
Your hands burn!
* * * LOW HITPOINT WARNING * * *
The jelly is almost dead.
The jelly hits you.
* * * LOW HITPOINT WARNING * * *
You are splashed with acid!
You die...

# #.#.. #.# #.##......
##. ##.... #.##.##.##.##
... ....## ##.........#
###.## #./###.##.#####.#
#.....##...#.###.......#
.......#..#.## ##########
.......#..###############
..._..ZJ.## #(....##....
......(#@# #.....##.###
.......#.# #.....##.###
#.....##.# #.....##.#..
###.## #.# #........#.#
... ..# #######><... ###
..# #.##.# ... #.##.#
.##. #.##.# #.##.#


You could see a jelly and a wyvern zombie.

Vanquished Creatures
  An orc knight (Bailey)
  Sigmund (D:5)
  A water moccasin (D:7)
  A sky beast (D:7)
  6 orc warriors
  2 phantoms
  2 ogres
  4 centaurs
  Blork the orc (D:5)
  A big kobold (D:7)
  3 bullfrogs
  A gnoll sergeant (D:6)
  A water moccasin zombie (D:6)
  2 scorpions
  8 wights
  A howler monkey (D:6)
  A centaur zombie (D:5)
  2 bullfrog skeletons (D:7)
  A jelly (D:6)
  A centaur skeleton (D:6)
  2 orc priests
  2 hounds
  Ijyb (D:3)
  6 orc wizards
  6 worker ants
  2 killer bee zombies
  A hound skeleton (D:5)
  8 mummies (Ossuary)
  13 adders
  4 gnolls
  2 white imps (D:5)
  An ooze (D:1)
  An adder zombie (D:5)
  4 adder skeletons
  4 worms
  2 dart slugs (D:3)
  5 leopard geckos
  13 orcs
  6 bats
  3 giant cockroaches
  2 goblins
  7 hobgoblins
  3 jackals (D:1)
  20 kobolds
  2 quokkas
  2 ball pythons
  8 frilled lizards
  3 hobgoblin zombies (Ossuary)
  3 kobold zombies (Ossuary)
  2 orc zombies (Ossuary)
  5 rats
184 creatures vanquished.

Vanquished Creatures (others)
  An orc wizard (D:6)
  A withered plant (D:2)
2 creatures vanquished.

Grand Total: 186 creatures vanquished

Notes
Turn   | Place    | Note
-------+----------+-------------------------------------------
     0 | D:1      | Fulmax the Minotaur Berserker began the quest for the Orb.
     0 | D:1      | Reached XP level 1. HP: 19/19 MP: 0/0
   185 | D:1      | Reached XP level 2. HP: 19/27 MP: 1/1
   620 | D:2      | Found a glowing golden altar of the Shining One.
   659 | D:2      | Found a white marble altar of Elyvilon.
   713 | D:2      | Reached XP level 3. HP: 33/33 MP: 2/2
   839 | D:2      | Found an ancient bone altar of Kikubaaqudgha.
  1128 | D:2      | Reached XP level 4. HP: 41/41 MP: 3/3
  1298 | D:3      | Reached ** piety under Trog
  1402 | D:3      | Noticed Ijyb
  1416 | D:3      | Killed Ijyb
  1793 | D:3      | Reached skill level 5 in Fighting
  1793 | D:3      | Reached skill level 5 in Axes
  1793 | D:3      | Reached XP level 5. HP: 45/48 MP: 4/4
  2122 | D:4      | Noticed a phantom
  2134 | D:4      | Killed a phantom
  2135 | D:4      | Reached XP level 6. HP: 49/56 MP: 5/5
  2293 | D:4      | Got an ancient ring mail
  2304 | D:4      | Identified the cursed +0 ring mail of the First Snow {-Tele
                  | rElec rC+} (You found it on level 4 of the Dungeon)
  2408 | D:4      | Reached skill level 5 in Armour
  2943 | D:5      | Entered Level 5 of the Dungeon
  3012 | D:5      | Reached XP level 7. HP: 61/63 MP: 6/6
  3035 | D:5      | Found Xytrig's Armour Boutique.
  3057 | D:5      | Noticed Blork the orc
  3065 | D:5      | Killed Blork the orc
  3334 | D:5      | Noticed Sigmund
  3340 | D:5      | Killed Sigmund
  3341 | D:5      | Reached skill level 1 in Shields
  3581 | D:5      | Found a staircase to the Ecumenical Temple.
  3587 | D:5      | Reached *** piety under Trog
  3616 | D:5      | Reached XP level 8. HP: 71/73 MP: 7/7
  3683 | Temple   | Entered the Ecumenical Temple
  4512 | D:6      | Found a sacrificial altar of Ru.
  4626 | D:6      | Reached XP level 9. HP: 78/82 MP: 8/8
  4812 | D:7      | Found a sand-covered staircase.
  4818 | Ossuary  | Entered an ossuary
  4846 | Ossuary  | Reached **** piety under Trog
  4859 | Ossuary  | Reached skill level 5 in Shields
  5101 | D:7      | Found a flagged portal.
  5119 | Bailey   | Entered a bailey
  5222 | Bailey   | Noticed an orc knight
  5239 | Bailey   | Killed an orc knight
  5242 | Bailey   | Found an iron altar of Okawaru.
  5561 | D:7      | Got an ancient lead ring
  5716 | D:7      | Identified the ring "Ojudas" {rC- Str+6 Int+6 Dex-2} (You
                  | found it on level 7 of the Dungeon)
  5784 | D:7      | Reached XP level 10. HP: 93/93 MP: 9/9
  5855 | D:7      | Reached ***** piety under Trog
  5995 | D:8      | Found a shimmering altar of Xom.
  6009 | D:8      | Splashed by a jelly's acid

Illustrated notes

Levels and vault maps discovered:
D:1:      wander_arrival_chamber, layout_rooms
D:2:      layout_basic, tso_metal_star, lemuel_doored_altar,
          kiku_gazebo_garden_becter
D:3:      layout_loops_ring, uniq_ijyb
D:4:      layout_loops_ring, grunt_ministairs_6, chequers_garden
D:5:      layout_loops_cross, minmay_temple_entry_overgrown, serial_shops,
          nicolae_shop_stone, uniq_sigmund, uniq_blork_the_orc
D:6:      layout_loops_ring, nicolae_overflow_crystal_walls
D:7:      layout_loops_ring, enter_ossuary_2, enter_bailey_4, minmay_manual_maat
D:8:      layout_loops_cross, old_standard_altar, gammafunk_ghost_split,
          grunt_decor_resistance, uniq_erica
Temple:   minmay_freezing_vapour_temple

Skill      XL: |  1  2  3  4  5  6  7  8  9 |
---------------+----------------------------+-----
Fighting       | 4 5 6 7 8 9 |  9.9
Axes           | 4 5 6 7 8 9 |  9.9
Armour         | 3 4 5 6 8 |  8.0
Shields        | 2 4 7 |  7.1
Evocations     | 3 |  3.2
Dodging        | |  2.1

Action                   |  1- 3 |  4- 6 |  7- 9 | 10-12 || total
-------------------------+-------+-------+-------+-------++-------
Melee: Hand axe          |    58 |   106 |   258 |    21 ||   443
       Headbutt          |    11 |    26 |    58 |     6 ||   101
Throw: Boomerang         |       |       |    17 |       ||    17
Invok: Berserk           |       |       |     5 |       ||     5
       Trog's Hand       |       |       |     4 |       ||     4
  Use: Scroll            |       |    11 |     6 |     4 ||    21
 Stab: Sleeping          |       |     1 |     1 |       ||     2
       Distracted        |       |     1 |       |       ||     1
Armor: Animal skin       |     9 |       |       |       ||     9
       Leather armour    |     4 |    22 |    34 |       ||    60
       Plate armour      |       |       |    19 |     5 ||    24
Dodge: Dodged            |    49 |    57 |    60 |     3 ||   169
Block: Other             |       |    11 |     4 |       ||    15
       Kite shield       |       |       |   153 |    17 ||   170
       Reflection        |       |       |    17 |     1 ||    18
